TOP OF THE 1ST |
Springfield Stars batting - Pitching for Kansas City Kings : LHP Francisco Morales
|
Pitching: LHP Francisco Morales
|
|
Batting: SHB Shane Hutchinson
|
0-0: Called Strike 0-1: Called Strike 0-2: Strikes out swinging
|
Batting: RHB Cho-yun Qiao
|
0-0: Called Strike 0-1: Ball 1-1: Fly out, F8 (Flyball, 78D)
|
Batting: LHB Felipe Guerrero
|
0-0: Called Strike 0-1: Ball 1-1: Ground out 4-3 (Groundball, 4)
|
Top of the 1st over - 0 run(s), 0 hit(s), 0 error(s), 0 left on base; Springfield 0 - Kansas City 0 |
BOTTOM OF THE 1ST |
Kansas City Kings batting - Pitching for Springfield Stars : LHP Anthony Erickson
|
Pitching: LHP Anthony Erickson
|
|
Batting: RHB Chris Chandler
|
0-0: Foul Ball, location: 2F 0-1: Fly out, F7 (Line Drive, 7M)
|
Batting: SHB Víctor Serrano
|
0-0: Ball 1-0: Ball 2-0: Ball 3-0: Base on Balls
|
Batting: RHB Toshimichi Kono
|
0-0: Ball 1-0: Ball 2-0: Called Strike 2-1: Called Strike 2-2: Strikes out swinging
|
Batting: LHB Pablo Reyes
|
0-0: Called Strike 0-1: Ball 1-1: SINGLE (Line Drive, 9S) Víctor Serrano to second Runner from 2nd tries for 3rd, SAFE, throw made to third
|
Batting: RHB Adrian Prouse
|
0-0: Swinging Strike 0-1: Ball 1-1: Ground out 4-3 (Groundball, 4)
|
Bottom of the 1st over - 0 run(s), 1 hit(s), 0 error(s), 2 left on base; Springfield 0 - Kansas City 0 |
TOP OF THE 2ND |
Springfield Stars batting - Pitching for Kansas City Kings : LHP Francisco Morales
|
Batting: RHB Juan Rodríguez
|
0-0: Ball 1-0: Ball 2-0: SINGLE (Line Drive, 8LS)
|
Batting: RHB Juan Carlos Rodríguez
|
0-0: Ground out 5-3 (Groundball, 56S) Juan Rodríguez to second
|
Batting: SHB Martín Medina
|
0-0: 2-RUN HOME RUN (Line Drive, 89XD), Distance : 391 ft
|
Batting: LHB Yoshiaki Ohayashi
|
0-0: Called Strike 0-1: Foul Ball, location: 2F 0-2: Ball 1-2: Strikes out swinging
|
Batting: RHB Will Sterling
|
0-0: Ball 1-0: Fly out, F9 (Flyball, 89M)
|
Top of the 2nd over - 2 run(s), 2 hit(s), 0 error(s), 0 left on base; Springfield 2 - Kansas City 0 |
BOTTOM OF THE 2ND |
Kansas City Kings batting - Pitching for Springfield Stars : LHP Anthony Erickson
|
Batting: RHB Dave Parker
|
0-0: Ball 1-0: Ball 2-0: Ball 3-0: Called Strike 3-1: Called Strike 3-2: Foul Ball, location: 2F 3-2: Base on Balls
|
Batting: LHB Brian Boone
|
0-0: Called Strike 0-1: Ball 1-1: Foul Ball, location: 2F 1-2: Ball 2-2: Grounds into double play, U4-3 (Groundball, 4)
|
Batting: LHB Vic Robertson
|
0-0: Ball 1-0: Ball 2-0: Called Strike 2-1: Foul Ball, location: 2F 2-2: Foul Ball, location: 2F 2-2: Ground out 4-3 (Groundball, 4M)
|
Bottom of the 2nd over - 0 run(s), 0 hit(s), 0 error(s), 0 left on base; Springfield 2 - Kansas City 0 |
TOP OF THE 3RD |
Springfield Stars batting - Pitching for Kansas City Kings : LHP Francisco Morales
|
Batting: SHB David García
|
0-0: Ball 1-0: DOUBLE (Line Drive, 3D)
|
Batting: SHB Shane Hutchinson
|
0-0: Called Strike 0-1: Called Strike 0-2: Strikes out swinging
|
Batting: RHB Cho-yun Qiao
|
0-0: Ball 1-0: Called Strike 1-1: Ball 2-1: Ball 3-1: Base on Balls
|
Batting: LHB Felipe Guerrero
|
0-0: Called Strike 0-1: Ball 1-1: SINGLE (Groundball, 4MD) David García to third Cho-yun Qiao to second Runner from 3rd tries for Home, SAFE, throw made home
|
Batting: RHB Juan Rodríguez
|
0-0: Ball 1-0: Called Strike 1-1: SINGLE (Line Drive, 8LS) Cho-yun Qiao to third Felipe Guerrero to second Runner from 3rd tries for Home, SAFE, throw made home Felipe Guerrero to third Juan Rodríguez to second
|
Batting: RHB Juan Carlos Rodríguez
|
0-0: Ball 1-0: Fly out, F8 (Flyball, 78M) Runner from 3rd tags up, OUT at HOME
|
Top of the 3rd over - 2 run(s), 3 hit(s), 0 error(s), 1 left on base; Springfield 4 - Kansas City 0 |
BOTTOM OF THE 3RD |
Kansas City Kings batting - Pitching for Springfield Stars : LHP Anthony Erickson
|
Batting: RHB Matt Richards
|
0-0: Fly out, F7 (Flyball, 8LXD)
|
Batting: RHB Chris Chandler
|
0-0: Ball 1-0: Ball 2-0: Ball 3-0: Base on Balls
|
Batting: SHB Víctor Serrano
|
0-0: Foul Ball, location: 2F 0-1: Foul Ball, location: 2F 0-2: Ball 1-2: Foul Ball, location: 2F Balk! Chris Chandler to second 1-2: Foul Ball, location: 2F 1-2: Ball 2-2: Foul Ball, location: 2F 2-2: Foul Ball, location: 2F 2-2: Ground out 4-3 (Groundball, 4) Chris Chandler to third
|
Batting: RHB Toshimichi Kono
|
0-0: Ball 1-0: Called Strike 1-1: Fly out, F8 (Flyball, 8RM)
|
Bottom of the 3rd over - 0 run(s), 0 hit(s), 0 error(s), 1 left on base; Springfield 4 - Kansas City 0 |
TOP OF THE 4TH |
Springfield Stars batting - Pitching for Kansas City Kings : LHP Francisco Morales
|
Batting: SHB Martín Medina
|
0-0: Called Strike 0-1: Swinging Strike 0-2: Fly out, F3 (Popup, 3F)
|
Batting: LHB Yoshiaki Ohayashi
|
0-0: Called Strike 0-1: Ball 1-1: Foul Ball, location: 2F 1-2: Ball 2-2: Ball 3-2: Base on Balls
|
Batting: RHB Will Sterling
|
0-0: Ball 1-0: Called Strike 1-1: Ball 2-1: Called Strike 2-2: Ball 3-2: Base on Balls Yoshiaki Ohayashi to second
|
Batting: SHB David García
|
0-0: Ball 1-0: Called Strike 1-1: Ball 2-1: Called Strike 2-2: Foul Ball, location: 2F 2-2: SINGLE (Line Drive, 56D) Yoshiaki Ohayashi to third Will Sterling to second
|
Batting: SHB Shane Hutchinson
|
0-0: Foul Ball, location: 2F 0-1: Foul Ball, location: 2F 0-2: Ball 1-2: Foul Ball, location: 2F 1-2: Foul Ball, location: 2F 1-2: Ball 2-2: Foul Ball, location: 2F 2-2: Ball 3-2: Fielders Choice at 2nd, U6 (Groundball, 6M) Yoshiaki Ohayashi scores Will Sterling to third
|
Batting: RHB Cho-yun Qiao
|
0-0: Fly out, F3 (Popup, 23F)
|
Top of the 4th over - 1 run(s), 1 hit(s), 0 error(s), 2 left on base; Springfield 5 - Kansas City 0 |
BOTTOM OF THE 4TH |
Kansas City Kings batting - Pitching for Springfield Stars : LHP Anthony Erickson
|
Batting: LHB Pablo Reyes
|
0-0: Called Strike 0-1: Ball 1-1: Ball 2-1: Ball 3-1: Called Strike 3-2: Foul Ball, location: 2F 3-2: Strikes out swinging
|
Batting: RHB Adrian Prouse
|
0-0: SINGLE (Line Drive, 8RS)
|
Batting: RHB Dave Parker
|
0-0: Swinging Strike 0-1: Called Strike 0-2: Ball 1-2: Ball 2-2: SINGLE (Groundball, 56D) Adrian Prouse to second
|
Batting: LHB Brian Boone
|
0-0: Ball 1-0: Called Strike Dave Parker steals 2nd base Adrian Prouse to third 1-1: Foul Ball, location: 2F 1-2: Ball 2-2: Ball 3-2: SINGLE (Line Drive, 34D) Adrian Prouse scores Dave Parker to third Runner from 3rd tries for Home, SAFE, throw made home Brian Boone to second
|
Batting: LHB Vic Robertson
|
0-0: Ball 1-0: Called Strike 1-1: Swinging Strike 1-2: Ball 2-2: Ball 3-2: Strikes out swinging
|
Batting: RHB Matt Richards
|
0-0: Called Strike 0-1: Foul Ball, location: 2F 0-2: Ground out 6-3 (Groundball, 6)
|
Bottom of the 4th over - 2 run(s), 3 hit(s), 0 error(s), 1 left on base; Springfield 5 - Kansas City 2 |
TOP OF THE 5TH |
Springfield Stars batting - Pitching for Kansas City Kings : LHP Francisco Morales
|
Batting: LHB Felipe Guerrero
|
0-0: DOUBLE (Line Drive, 8LM)
|
Batting: RHB Juan Rodríguez
|
0-0: Swinging Strike 0-1: Ball 1-1: Ground out 6-3 (Groundball, 6M) Felipe Guerrero to third
|
Batting: RHB Juan Carlos Rodríguez
|
0-0: Foul Ball, location: 2F 0-1: Swinging Strike 0-2: Ball 1-2: Fly out, F8 (Line Drive, 78M) Runner from 3rd tags up, SCORES, throw made
|
Batting: SHB Martín Medina
|
0-0: Ground out 6-3 (Groundball, 6)
|
Top of the 5th over - 1 run(s), 1 hit(s), 0 error(s), 0 left on base; Springfield 6 - Kansas City 2 |
BOTTOM OF THE 5TH |
Kansas City Kings batting - Pitching for Springfield Stars : LHP Anthony Erickson
|
Batting: RHB Chris Chandler
|
0-0: Foul Ball, location: 2F 0-1: Ball 1-1: Swinging Strike 1-2: DOUBLE (Line Drive, 5D)
|
Pitching: RHP Larry Jackson
|
|
Batting: SHB Víctor Serrano
|
0-0: Ball 1-0: Ball 2-0: Ball 3-0: Called Strike 3-1: Foul Ball, location: 2F 3-2: Foul Ball, location: 2F 3-2: Base on Balls
|
Batting: RHB Toshimichi Kono
|
0-0: Called Strike 0-1: Ball 1-1: Called Strike 1-2: SINGLE (Groundball, 56D) Chris Chandler to third Víctor Serrano to second Runner from 3rd tries for Home, SAFE, no throw or cutoff
|
Batting: LHB Pablo Reyes
|
0-0: Ball 1-0: Ball 2-0: Fielders Choice at 2nd, 4-6 (Groundball, 4) Víctor Serrano to third
|
Batting: RHB Adrian Prouse
|
0-0: Called Strike 0-1: Ball 1-1: Swinging Strike 1-2: Fly out, F9 (Flyball, 89D) Runner from 3rd tags up, SCORES, no throw
|
Batting: RHB Dave Parker
|
0-0: Called Strike 0-1: Foul Ball, location: 2F 0-2: Strikes out swinging
|
Bottom of the 5th over - 2 run(s), 2 hit(s), 0 error(s), 1 left on base; Springfield 6 - Kansas City 4 |
TOP OF THE 6TH |
Springfield Stars batting - Pitching for Kansas City Kings : LHP Francisco Morales
|
Batting: LHB Yoshiaki Ohayashi
|
0-0: Called Strike 0-1: Ball 1-1: Called Strike 1-2: Ball 2-2: Ball 3-2: Ground out 5-3 (Groundball, 15S)
|
Batting: RHB Will Sterling
|
0-0: Called Strike 0-1: Ball 1-1: Foul Ball, location: 2F 1-2: Foul Ball, location: 2F 1-2: Ball 2-2: Foul Ball, location: 2F 2-2: Strikes out swinging
|
Batting: SHB David García
|
0-0: Called Strike 0-1: Ball 1-1: Ground out 5-3 (Groundball, 56S)
|
Top of the 6th over - 0 run(s), 0 hit(s), 0 error(s), 0 left on base; Springfield 6 - Kansas City 4 |
BOTTOM OF THE 6TH |
Kansas City Kings batting - Pitching for Springfield Stars : RHP Larry Jackson
|
Batting: LHB Brian Boone
|
0-0: Called Strike 0-1: Foul Ball, location: 2F 0-2: Ball 1-2: Hit by Pitch
|
Batting: LHB Vic Robertson
|
0-0: Swinging Strike 0-1: Foul Ball, location: 2F 0-2: Ball 1-2: Ball 2-2: Foul Ball, location: 2F 2-2: Ball 3-2: Strikes out looking
|
Batting: RHB Matt Richards
|
0-0: Ball 1-0: SINGLE (Groundball, 25) (infield hit) Brian Boone to second
|
Batting: RHB Chris Chandler
|
0-0: Called Strike 0-1: Hit by Pitch Brian Boone to third Matt Richards to second
|
Batting: SHB Víctor Serrano
|
0-0: Called Strike 0-1: Foul Ball, location: 2F 0-2: Ball 1-2: Strikes out swinging
|
Pitching: RHP Ramón Vélez
|
|
Batting: RHB Toshimichi Kono
|
0-0: Ball 1-0: Ball 2-0: Ball 3-0: Base on Balls Brian Boone scores Matt Richards to third Chris Chandler to second
|
Batting: LHB Pablo Reyes
|
0-0: Called Strike 0-1: Called Strike 0-2: Ball 1-2: Ground out 3-1 (Groundball, 34)
|
Bottom of the 6th over - 1 run(s), 1 hit(s), 0 error(s), 3 left on base; Springfield 6 - Kansas City 5 |
TOP OF THE 7TH |
Springfield Stars batting - Pitching for Kansas City Kings : LHP Francisco Morales
|
Batting: SHB Shane Hutchinson
|
0-0: Called Strike 0-1: Ball 1-1: Foul Ball, location: 2F 1-2: Foul Ball, location: 2F 1-2: Ball 2-2: Foul Ball, location: 2F 2-2: Foul Ball, location: 2F 2-2: SINGLE (Line Drive, 9S)
|
Pitching: RHP Mike Hodges
|
|
Batting: RHB Cho-yun Qiao
|
0-0: Ball Shane Hutchinson is caught stealing 2nd base 1-0: Ball 2-0: Called Strike 2-1: Fly out, F7 (Flyball, 7D)
|
Batting: LHB Felipe Guerrero
|
0-0: Ball 1-0: Ball 2-0: Called Strike 2-1: Foul Ball, location: 2F 2-2: Foul Ball, location: 2F 2-2: Foul Ball, location: 2F 2-2: Ball 3-2: Base on Balls
|
Pinch Hitting: LHB Elliott Newell
|
0-0: Ball 1-0: Ball 2-0: Fielders Choice at 2nd, 6-4 (Groundball, 6)
|
Top of the 7th over - 0 run(s), 1 hit(s), 0 error(s), 0 left on base; Springfield 6 - Kansas City 5 |
BOTTOM OF THE 7TH |
Kansas City Kings batting - Pitching for Springfield Stars : RHP Ramón Vélez
|
Now at 1B: Elliott Newell
|
|
Batting: RHB Adrian Prouse
|
0-0: Ball 1-0: Ball 2-0: Called Strike 2-1: Foul Ball, location: 2F 2-2: Ground out 6-3 (Groundball, 6M)
|
Batting: RHB Dave Parker
|
0-0: Foul Ball, location: 2F 0-1: Ball 1-1: Swinging Strike 1-2: Ball 2-2: Strikes out swinging
|
Batting: LHB Brian Boone
|
0-0: Called Strike 0-1: Ball 1-1: Called Strike 1-2: Ball 2-2: Ground out 4-3 (Groundball, 4)
|
Bottom of the 7th over - 0 run(s), 0 hit(s), 0 error(s), 0 left on base; Springfield 6 - Kansas City 5 |
TOP OF THE 8TH |
Springfield Stars batting - Pitching for Kansas City Kings : RHP Mike Hodges
|
Batting: RHB Juan Carlos Rodríguez
|
0-0: Ball 1-0: Ball 2-0: Called Strike 2-1: Foul Ball, location: 2F 2-2: Foul Ball, location: 2F 2-2: Ball 3-2: Strikes out swinging
|
Batting: SHB Martín Medina
|
0-0: Ball 1-0: Fly out, F7 (Flyball, 78M)
|
Batting: LHB Yoshiaki Ohayashi
|
0-0: Ball 1-0: Foul Ball, location: 2F 1-1: Swinging Strike 1-2: Foul Ball, location: 2F 1-2: Strikes out swinging
|
Top of the 8th over - 0 run(s), 0 hit(s), 0 error(s), 0 left on base; Springfield 6 - Kansas City 5 |
BOTTOM OF THE 8TH |
Kansas City Kings batting - Pitching for Springfield Stars : RHP Ramón Vélez
|
Pitching: RHP Jorge Delgado
|
|
Batting: LHB Vic Robertson
|
0-0: Called Strike 0-1: Swinging Strike 0-2: Ball 1-2: Strikes out swinging
|
Pitching: RHP Luis Cortéz
|
|
Batting: RHB Matt Richards
|
0-0: Called Strike 0-1: Ground out 6-3 (Groundball, 6)
|
Batting: RHB Chris Chandler
|
0-0: Swinging Strike 0-1: Swinging Strike 0-2: Ball 1-2: Strikes out swinging
|
Bottom of the 8th over - 0 run(s), 0 hit(s), 0 error(s), 0 left on base; Springfield 6 - Kansas City 5 |
TOP OF THE 9TH |
Springfield Stars batting - Pitching for Kansas City Kings : RHP Mike Hodges
|
Batting: RHB Will Sterling
|
0-0: SINGLE (Groundball, 34D)
|
Pinch Hitting: LHB Ryan Drake
|
0-0: Sac Bunt - play at first, batter OUT! 1-4 Will Sterling to second
|
Batting: SHB Shane Hutchinson
|
0-0: Intentional Walk
|
Pitching: RHP Tom McConnell
|
|
Pinch Hitting: RHB Alberto Campos
|
0-0: Foul Ball, location: 2F 0-1: Foul Ball, location: 2F 0-2: Strikes out swinging
|
Batting: LHB Felipe Guerrero
|
0-0: Foul Ball, location: 2F 0-1: Ball 1-1: Called Strike 1-2: Fly out, F8 (Flyball, 8LXD)
|
Top of the 9th over - 0 run(s), 1 hit(s), 0 error(s), 2 left on base; Springfield 6 - Kansas City 5 |
BOTTOM OF THE 9TH |
Kansas City Kings batting - Pitching for Springfield Stars : RHP Luis Cortéz
|
Pitching: LHP Jorge Aybar
|
|
Now at 2B: Ryan Drake
|
|
Batting: SHB Víctor Serrano
|
0-0: Ball
|
Now at SS: José Pinto
|
1-0: Ball 2-0: SOLO HOME RUN (Flyball, 7D), Distance : 442 ft
|
Batting: RHB Toshimichi Kono
|
0-0: Foul Ball, location: 2F 0-1: Ball 1-1: Ball 2-1: Foul Ball, location: 2F 2-2: SINGLE (Groundball, 56D)
|
Batting: LHB Pablo Reyes
|
0-0: Ball 1-0: Ball 2-0: Ball 3-0: Called Strike 3-1: Called Strike 3-2: DOUBLE (Flyball, 7LD) Toshimichi Kono to third
|
Batting: RHB Adrian Prouse
|
0-0: Intentional Walk
|
Batting: RHB Dave Parker
|
0-0: Foul Ball, location: 2F 0-1: Called Strike 0-2: Ball 1-2: Strikes out swinging
|
Pinch Hitting: RHB Ron James
|
0-0: Called Strike 0-1: Swinging Strike 0-2: Ball 1-2: Foul Ball, location: 2F 1-2: Strikes out looking
|
Batting: LHB Vic Robertson
|
0-0: Ball 1-0: Ball 2-0: Foul Ball, location: 2F 2-1: Ball 3-1: Fly out, F7 (Flyball, 7M)
|
Bottom of the 9th over - 1 run(s), 3 hit(s), 0 error(s), 3 left on base; Springfield 6 - Kansas City 6 |
TOP OF THE 10TH |
Springfield Stars batting - Pitching for Kansas City Kings : RHP Tom McConnell
|
Pitching: RHP Larry Pérez
|
|
Now in RF: Mario Franco
|
|
Batting: LHB Elliott Newell
|
0-0: Ball 1-0: Ball 2-0: Foul Ball, location: 2F 2-1: Ball 3-1: Swinging Strike 3-2: Ground out 6-3 (Groundball, 6)
|
Batting: RHB Juan Carlos Rodríguez
|
0-0: Ground out 1-3 (Groundball, 15S)
|
Batting: SHB Martín Medina
|
0-0: Ball 1-0: Foul Ball, location: 2F 1-1: Ball 2-1: Swinging Strike 2-2: DOUBLE (Line Drive, 78D)
|
Batting: LHB Yoshiaki Ohayashi
|
0-0: Ball 1-0: Ball 2-0: Ground out 6-3 (Groundball, 6)
|
Top of the 10th over - 0 run(s), 1 hit(s), 0 error(s), 1 left on base; Springfield 6 - Kansas City 6 |
BOTTOM OF THE 10TH |
Kansas City Kings batting - Pitching for Springfield Stars : LHP Jorge Aybar
|
Pinch Hitting: RHB Miguel Hernández
|
0-0: Foul Ball, location: 2F 0-1: Swinging Strike 0-2: Ball 1-2: Ball 2-2: Foul Ball, location: 2F 2-2: Strikes out swinging
|
Batting: RHB Chris Chandler
|
0-0: Called Strike 0-1: Swinging Strike 0-2: Foul Ball, location: 2F 0-2: Ball 1-2: Ball 2-2: SINGLE (Groundball, 4MD)
|
Pitching: RHP Alberto Vásquez
|
|
Batting: SHB Víctor Serrano
|
0-0: Ball Chris Chandler steals 2nd base 1-0: Fly out, F7 (Flyball, 7M)
|
Batting: RHB Toshimichi Kono
|
0-0: Ground out 4-3 (Groundball, 34)
|
Bottom of the 10th over - 0 run(s), 1 hit(s), 0 error(s), 1 left on base; Springfield 6 - Kansas City 6 |
TOP OF THE 11TH |
Springfield Stars batting - Pitching for Kansas City Kings : RHP Larry Pérez
|
Now at SS: Miguel Hernández
|
|
Batting: RHB Will Sterling
|
0-0: Ball 1-0: Ball 2-0: Ball 3-0: Called Strike 3-1: Ground out 5-3 (Groundball, 56)
|
Batting: LHB Ryan Drake
|
0-0: Called Strike 0-1: SINGLE (Line Drive, 9S)
|
Batting: SHB Shane Hutchinson
|
0-0: Foul Ball, location: 2F 0-1: Called Strike 0-2: Ball 1-2: Ball 2-2: Ball 3-2: Foul Ball, location: 2F 3-2: Foul Ball, location: 2F 3-2: Base on Balls Ryan Drake to second
|
Batting: RHB José Pinto
|
0-0: Ball 1-0: Called Strike 1-1: Ball 2-1: Called Strike 2-2: Ball 3-2: Foul Ball, location: 2F 3-2: Strikes out swinging
|
Batting: LHB Felipe Guerrero
|
0-0: Ball 1-0: Ball 2-0: Ball 3-0: Called Strike 3-1: Base on Balls Ryan Drake to third Shane Hutchinson to second
|
Batting: LHB Elliott Newell
|
0-0: Ball 1-0: Foul Ball, location: 2F 1-1: Swinging Strike 1-2: Ground out 1-3 (Groundball, 25)
|
Top of the 11th over - 0 run(s), 1 hit(s), 0 error(s), 3 left on base; Springfield 6 - Kansas City 6 |
BOTTOM OF THE 11TH |
Kansas City Kings batting - Pitching for Springfield Stars : RHP Alberto Vásquez
|
Batting: LHB Pablo Reyes
|
0-0: Swinging Strike 0-1: Foul Ball, location: 2F 0-2: Ball 1-2: Ball 2-2: Foul Ball, location: 2F 2-2: Ball 3-2: Strikes out swinging
|
Batting: RHB Adrian Prouse
|
0-0: Ball 1-0: Foul Ball, location: 2F 1-1: Ball 2-1: Ball 3-1: Called Strike 3-2: Strikes out looking
|
Batting: RHB Dave Parker
|
0-0: Ball 1-0: Ball 2-0: Called Strike 2-1: Swinging Strike 2-2: SINGLE (Line Drive, 9S)
|
Pinch Hitting: LHB Ray Spencer
|
0-0: Fielders Choice at 2nd, U4 (Groundball, 4M)
|
Bottom of the 11th over - 0 run(s), 1 hit(s), 0 error(s), 1 left on base; Springfield 6 - Kansas City 6 |
TOP OF THE 12TH |
Springfield Stars batting - Pitching for Kansas City Kings : RHP Larry Pérez
|
Now in RF: Ray Spencer
|
|
Batting: RHB Juan Carlos Rodríguez
|
0-0: Ball 1-0: Foul Ball, location: 2F 1-1: Ball 2-1: Ball 3-1: Base on Balls
|
Batting: SHB Martín Medina
|
0-0: Ball 1-0: Called Strike 1-1: Ball 2-1: Foul Ball, location: 2F 2-2: Ball 3-2: Base on Balls Juan Carlos Rodríguez to second
|
Batting: LHB Yoshiaki Ohayashi
|
0-0: Ball 1-0: Bunt missed! 1-1: Sac Bunt - play at third, runner OUT! 2-6 Martín Medina to second
|
Pitching: RHP Cipriano Montáñez
|
|
Batting: RHB Will Sterling
|
0-0: Called Strike 0-1: Ball 1-1: Ball Martín Medina steals 3rd base Yoshiaki Ohayashi to second 2-1: Foul Ball, location: 2F 2-2: SINGLE (Line Drive, 6) Martín Medina scores Yoshiaki Ohayashi to third
|
Batting: LHB Ryan Drake
|
0-0: Called Strike 0-1: Ball 1-1: Grounds into double play, 2-6-3 (Groundball, 2R)
|
Top of the 12th over - 1 run(s), 1 hit(s), 0 error(s), 1 left on base; Springfield 7 - Kansas City 6 |
BOTTOM OF THE 12TH |
Kansas City Kings batting - Pitching for Springfield Stars : RHP Alberto Vásquez
|
Batting: LHB Vic Robertson
|
0-0: Called Strike 0-1: Foul Ball, location: 2F 0-2: Ball 1-2: Ball 2-2: Fly out, F9 (Line Drive, 89M)
|
Batting: RHB Miguel Hernández
|
0-0: Ground out 2-3 (Groundball, 2L)
|
Batting: RHB Chris Chandler
|
0-0: DOUBLE (Line Drive, 7LS)
|
Batting: SHB Víctor Serrano
|
0-0: Foul Ball, location: 2F 0-1: Called Strike 0-2: Ball 1-2: Ball 2-2: Ball 3-2: Strikes out looking
|
Bottom of the 12th over - 0 run(s), 1 hit(s), 0 error(s), 1 left on base; Springfield 7 - Kansas City 6 |
|